 Dungeon Crawl Stone Soup version 0.26.0-16-gc1dbca0489 (webtiles) character file.

Game seed: 2433458208131020836

13582 pokeman the Eclecticist (level 11, -14/61 HPs)
             Began as a Deep Elf Hedge Wizard on Jan 18, 2021.
             Was an Elder of Vehumet.
             Demolished by a shadow (25 damage)
             ... on level 11 of the Dungeon.
             The game lasted 00:46:13 (15630 turns).

pokeman the Eclecticist (Deep Elf Hedge Wizard)    Turns: 15630, Time: 00:46:13

Health: -14/61     AC:  8    Str:  6 (7)  XL:     11   Next: 77%
Magic:  5/32       EV: 17    Int: 23      God:    Vehumet [****..]
Gold:   640        SH:  0    Dex: 14      Spells: 27/40 levels left

rFire    . . .     SeeInvis .   e - -3 whip (curse)
rCold    . . .     Faith    .   (no shield)
rNeg     . . .     Spirit   .   k - +0 leather armour
rPois    .         Reflect  .   c - +0 hat
rElec    .         Harm     .   z - +2 cloak
rCorr    .         Rampage  .   (no gloves)
Will     +....                  E - +1 pair of boots
Stlth    ++........             (no amulet)
HPRegen  0.20/turn              (no ring)
MPRegen  0.23/turn              (no ring)

@: studying Dodging
A: no striking features
a: Renounce Religion


You were on level 11 of the Dungeon.
You worshipped Vehumet.
Vehumet was greatly pleased with you.
You visited 2 branches of the dungeon, and saw 12 of its levels.
You also visited: Sewer and Ossuary.

You collected 640 gold pieces.

Inventory:

Hand Weapons
 e - a cursed -3 whip (weapon)
 t - a +2 rapier of freezing
 x - a +0 shortbow
Missiles
 d - 105 bolts
 n - 200 arrows
 s - 2 curare-tipped darts
Armour
 c - a +0 hat (worn)
 j - a +0 tower shield
 k - a +0 leather armour (worn)
 z - a +2 cloak (worn)
 E - a +1 pair of boots (worn)
Magical Staves
 H - a cursed staff of death {unknown}
Wands
 v - a wand of acid (4)
 y - a wand of polymorph (7)
 J - a wand of enslavement (5)
 L - a wand of random effects (15)
Scrolls
 a - 3 scrolls of fog
 f - a scroll of noise
 g - 5 scrolls of remove curse
 h - 4 scrolls of magic mapping
 i - 7 scrolls of teleportation
 m - a scroll of blinking {unknown}
 o - 2 scrolls of enchant weapon
 r - 4 scrolls of amnesia
 C - 5 scrolls of fear
Potions
 b - 5 potions of curing
 l - 4 potions of heal wounds
 p - 4 potions of mutation
 q - a potion of berserk rage
 u - a potion of magic
 w - 4 potions of might
 A - 4 potions of flight
 B - a potion of invisibility
 D - 2 potions of attraction
 F - 2 potions of haste
 I - a potion of lignification
 M - a potion of cancellation
Books
 K - a manual of Dodging
Miscellaneous
 G - a condenser vane


   Skills:
 - Level 4.0 Fighting
 - Level 3.1 Armour
 + Level 9.4 Dodging
 - Level 3.0 Stealth
 + Level 1.8 Shields
 * Level 15.3 Spellcasting
 + Level 9.4 Conjurations
 - Level 1.1 Summonings
 - Level 1.1 Translocations
 + Level 8.7 Fire Magic
 - Level 1.0 Air Magic
 - Level 1.4 Poison Magic
 - Level 1.0 Evocations


You had 27 spell levels left.
You knew the following spells:

 Your Spells              Type           Power        Failure   Level
a - Magic Dart            Conj           100%         1%          1
b - Mephitic Cloud        Conj/Pois/Air  35%          1%          3
c - Call Imp              Summ           22%          4%          2
d - Blink                 Tloc           N/A          4%          2
e - Conjure Flame         Conj/Fire      56%          1%          3
f - Foxfire               Conj/Fire      100%         1%          1
g - Apportation           Tloc           44%          3%          1

Your spell library contained the following spells:

 Spells                   Type           Power        Failure   Level
 Static Discharge         Conj/Air       41%          1%          3
 Dazzling Flash           Conj/Hex       78%          1%          3
 Summon Small Mammal      Summ           88%          3%          1
 Animate Skeleton         Necr           34%          4%          1
 Corona                   Hex            18%          4%          1
 Ensorcelled Hibernation  Hex/Ice        34%          8%          2
 Slow                     Hex            17%          8%          2
 Confusing Touch          Hex            17%          14%         3
 Tukima's Dance           Hex            17%          14%         3


Dungeon Overview and Level Annotations

Branches:
Dungeon (11/15)            Temple (1/1) D:7            Lair (0/6) D:9
  Sewer (visited)         Ossuary (visited)
    Orc: D:9-12

Altars:
Cheibriados
Dithmenos
Elyvilon
Fedhas
Hepliaklqana
Makhleb
Nemelex Xobeh
Ru
Sif Muna
Trog
Uskayaw
Vehumet
Wu Jian
Xom
Yredelemnul
Zin
The Shining One


Message History

You see here a +0 trident.
The shadow strikes at you from the darkness!
* * * LOW HITPOINT WARNING * * *
Reactivating autopickup.
Casting: Foxfire (safe; 1% risk of failure)
Confirm with . or Enter, or press ? or * to list all spells.
You miscast Blink.
You are very lightly contaminated with residual magic.
Nothing appears to happen.
The shadow misses you.
Casting: Blink (safe; 4% risk of failure)
Confirm with . or Enter, or press ? or * to list all spells.
You blink.
You see here a stone.
The shadow slips into darkness.
The shadow flickers and vanishes!
Deactivating autopickup; reactivate with Ctrl-A.
Your magical contamination has completely faded away.
There is a stone staircase leading up here.
The shadow strikes at you from the darkness!
You die...

#.....#.........##
#.....#(....(....##
###.###......(....#
##.. #............#
.#.........##....###
.........<.........#
..............#...##
...#............{##
..##...###.....@.#
##.# ##..#).##
#.......# #......##
#..##... .... .....
.... ...... ...
######## ...


There were no monsters in sight!

Vanquished Creatures
  A hydra (D:11)
  Erica (D:9)
  A queen ant (D:9)
  2 two-headed ogres
  Joseph (D:7)
  A komodo dragon (D:9)
  A troll (D:10)
  A hornet (D:10)
  Prince Ribbit (D:7)
  A meliai zombie (D:10)
  2 wyverns (D:11)
  A wraith (D:8)
  5 yaks
  Eustachio (D:5)
  19 soldier ants (D:9)
  A water moccasin (D:6)
  Duvessa (D:5)
  6 ice beasts
  A sky beast (D:3)
  2 orc warriors
  An eye of draining (D:10)
  2 phantoms
  5 ogres
  5 centaurs
  2 big kobolds
  13 bullfrogs
  A wyvern skeleton (D:8)
  3 scorpions
  Dowan (D:5)
  8 wights
  9 killer bees (D:9)
  2 bullfrog zombies
  4 jellies
  7 hounds
  4 centaur zombies (Ossuary)
  3 orc priests (D:10)
  Crazy Yiuf (D:5)
  3 bullfrog skeletons
  A centaur skeleton (D:10)
  4 iguanas
  25 worker ants
  2 killer bee zombies (D:6)
  An ogre zombie (Ossuary)
  A hound skeleton (D:10)
  7 mummies (Ossuary)
  A worker ant zombie (D:8)
  4 gnolls (D:2)
  7 adders
  A shadow imp (D:8)
  2 white imps
  An ufetubus (D:10)
  3 oozes
  5 adder zombies
  An adder skeleton (D:7)
  3 worms
  A dart slug (D:2)
  6 leopard geckos
  10 orcs
  11 bats
  6 giant cockroaches
  2 gnoll zombies (Ossuary)
  2 hobgoblins
  10 jackals
  2 quokkas
  5 ball pythons
  4 frilled lizards
  3 goblins
  4 goblin zombies (Ossuary)
  4 hobgoblin zombies (Ossuary)
  A jackal zombie (D:5)
  15 kobolds
  4 kobold zombies (Ossuary)
  4 quokka zombies (Ossuary)
  10 rats
  4 rat zombies (Ossuary)
  A foxfire (D:9)
302 creatures vanquished.

Vanquished Creatures (collateral kills)
  2 killer bees (D:9)
  4 orcs
6 creatures vanquished.

Vanquished Creatures (others)
  A centaur (D:9)
  753 foxfires
  35 plants (D:9)
789 creatures vanquished.

Grand Total: 1097 creatures vanquished

Notes
Turn   | Place    | Note
-------+----------+-------------------------------------------
     0 | D:1      | pokeman the Deep Elf Hedge Wizard began the quest for the
                  | Orb.
     0 | D:1      | Reached XP level 1. HP: 10/10 MP: 7/7
   343 | D:1      | Reached XP level 2. HP: 16/16 MP: 3/9
  1094 | D:2      | Reached skill level 5 in Spellcasting
  1094 | D:2      | Reached XP level 3. HP: 20/20 MP: 6/11
  1098 | D:2      | Learned a level 3 spell: Mephitic Cloud
  1101 | D:2      | Learned a level 2 spell: Call Imp
  1104 | D:2      | Learned a level 2 spell: Blink
  1108 | D:2      | Learned a level 3 spell: Conjure Flame
  1155 | D:2      | Reached skill level 1 in Fighting
  1155 | D:2      | Reached skill level 1 in Armour
  1536 | D:2      | Reached XP level 4. HP: 20/25 MP: 7/13
  2267 | D:3      | Noticed a sky beast
  2536 | D:3      | Killed a sky beast
  2537 | D:3      | Reached skill level 6 in Spellcasting
  2537 | D:3      | Reached skill level 1 in Fire Magic
  2537 | D:3      | Reached XP level 5. HP: 22/29 MP: 2/15
  2784 | D:3      | Found a faded altar of an unknown god.
  3316 | D:4      | Reached XP level 6. HP: 11/34 MP: 3/17
  3538 | D:4      | Reached skill level 1 in Air Magic
  3993 | D:5      | Entered Level 5 of the Dungeon
  4011 | D:5      | Noticed Eustachio
  4030 | D:5      | Killed Eustachio
  4031 | D:5      | Reached skill level 7 in Spellcasting
  4031 | D:5      | Reached skill level 1 in Poison Magic
  4174 | D:5      | Noticed Duvessa
  4199 | D:5      | Reached XP level 7. HP: 22/39 MP: 16/20
  4213 | D:5      | Noticed Dowan
  4225 | D:5      | Killed Dowan
  4229 | D:5      | Killed Duvessa
  4230 | D:5      | Reached skill level 8 in Spellcasting
  4582 | D:5      | Found a runed translucent door.
  4583 | D:5      | Noticed Crazy Yiuf
  4591 | D:5      | Killed Crazy Yiuf
  5123 | D:6      | Reached XP level 8. HP: 20/44 MP: 10/22
  5134 | D:6      | Reached skill level 9 in Spellcasting
  5184 | D:6      | Found a glowing drain.
  5197 | Sewer    | Entered a sewer
  6230 | D:6      | Reached skill level 5 in Conjurations
  6476 | D:6      | Reached skill level 1 in Evocations
  6647 | D:7      | Reached skill level 10 in Spellcasting
  6980 | D:7      | Found a staircase to the Ecumenical Temple.
  6986 | Temple   | Entered the Ecumenical Temple
  7042 | Temple   | Became a worshipper of Vehumet
  7276 | D:7      | Found a hazy altar of Hepliaklqana.
  7393 | D:7      | Noticed Prince Ribbit
  7413 | D:7      | Killed Prince Ribbit
  7414 | D:7      | Reached XP level 9. HP: 39/48 MP: 6/25
  7872 | D:7      | Noticed Joseph
  7898 | D:7      | Killed Joseph
  7899 | D:7      | Reached skill level 11 in Spellcasting
  7899 | D:7      | Reached skill level 5 in Fire Magic
  8004 | D:7      | Found a sacrificial altar of Ru.
  8253 | D:8      | Found a sand-covered staircase.
  8338 | Ossuary  | Entered an ossuary
  8797 | Ossuary  | Reached * piety under Vehumet
  8797 | Ossuary  | Offered knowledge of Sandblast by Vehumet.
  9578 | D:8      | Offered knowledge of Foxfire by Vehumet.
  9578 | D:8      | Noticed a two-headed ogre
  9601 | D:8      | Learned a level 1 spell: Foxfire
  9621 | D:8      | Killed a two-headed ogre
  9621 | D:8      | Reached ** piety under Vehumet
  9622 | D:8      | Reached skill level 12 in Spellcasting
  9932 | D:8      | Reached XP level 10. HP: 56/56 MP: 24/28
 11272 | D:9      | Offered knowledge of Searing Ray by Vehumet.
 11309 | D:9      | Reached skill level 13 in Spellcasting
 11476 | D:9      | Noticed Erica
 11504 | D:9      | Killed Erica
 11505 | D:9      | Reached skill level 5 in Dodging
 11668 | D:9      | Reached *** piety under Vehumet
 11874 | D:9      | Noticed a two-headed ogre
 11875 | D:9      | Found a staircase to the Lair.
 11890 | D:9      | Killed a two-headed ogre
 12043 | D:9      | Reached skill level 14 in Spellcasting
 12058 | D:9      | Reached XP level 11. HP: 12/61 MP: 17/31
 12385 | D:9      | Noticed a two-headed ogre
 12489 | D:9      | Offered knowledge of Fulminant Prism by Vehumet.
 12971 | D:9      | Noticed a queen ant
 12991 | D:9      | Killed a queen ant
 13219 | D:9      | Reached **** piety under Vehumet
 13819 | D:10     | Entered Level 10 of the Dungeon
 13884 | D:10     | Offered knowledge of Static Discharge by Vehumet.
 14473 | D:10     | Paralysed by a hornet for 2 turns
 14477 | D:10     | Paralysed by a hornet for 2 turns
 15256 | D:11     | Reached skill level 1 in Shields
 15256 | D:11     | Reached skill level 15 in Spellcasting
 15361 | D:11     | Learned a level 1 spell: Apportation
 15418 | D:11     | Noticed a four-headed hydra
 15440 | D:11     | Killed a four-headed hydra
 15630 | D:11     | Demolished by a shadow

Illustrated notes

Levels and vault maps discovered:
D:1:      scummos_arrival_hexagon, layout_rooms, kennysheep_minor_cross
D:2:      layout_basic
D:3:      layout_basic, chequers_ecumenical_altar_twisty
D:4:      layout_rooms
D:5:      layout_gridville, uniq_eustachio, uniq_crazy_yiuf_cottage,
          uniq_duvessa
D:6:      layout_basic, gup_sewer_entry_bowl
D:7:      layout_loops_corners, kennysheep_mini,
          minmay_temple_entry_statues_pillars, nicolae_ru_path_of_blood,
          uniq_prince_ribbit1, uniq_joseph
D:8:      layout_loops_ring, nicolae_ossuary_entry_false_entrances,
          grunt_ministairs_5, minmay_manual_maat
D:9:      layout_long_grid, david_lair_shrubbed, minivault_29, uniq_erica
D:10:     layout_gridville
D:11:     layout_cave_pools, orc_0_dummy, uniq_urug
Temple:   regret_index_temple_sigil_plot

Skill      XL: |  1  2  3  4  5  6  7  8  9 10 11 |
---------------+----------------------------------+-----
Spellcasting   | 5 6 7 8 10 12 14 15 | 15.3
Fighting       | 1 2 3 4 |  4.0
Armour         | 1 3 |  3.1
Conjurations   | 2 3 4 5 7 8 9 |  9.4
Dodging        | 3 6 9 |  9.4
Fire Magic     | 1 3 4 6 7 8 |  8.7
Stealth        | 3 |  3.0
Air Magic      | 1 |  1.0
Poison Magic   | 1 |  1.4
Evocations     | 1 |  1.0
Shields        | 1 |  1.8
Summonings     | |  1.1
Translocations | |  1.1

Action                   |  1- 3 |  4- 6 |  7- 9 | 10-12 || total
-------------------------+-------+-------+-------+-------++-------
Melee: Dagger            |     3 |    23 |       |       ||    26
       Rapier            |       |    22 |    53 |       ||    75
       Whip              |       |       |    50 |    77 ||   127
 Cast: Magic Dart        |    71 |    81 |   278 |     6 ||   436
       Mephitic Cloud    |       |     8 |    16 |    38 ||    62
       Conjure Flame     |       |     3 |    29 |    36 ||    68
       Call Imp          |       |     3 |     3 |     6 ||    12
       Blink             |       |     1 |     3 |     4 ||     8
       Foxfire           |       |       |    18 |   397 ||   415
Evoke: Wand              |       |       |       |     2 ||     2
  Use: Scroll            |       |       |       |    20 ||    20
       Potion            |       |       |       |     2 ||     2
 Stab: Sleeping          |     1 |       |       |       ||     1
       Confused          |       |     3 |     7 |     5 ||    15
Armor: Robe              |     2 |       |       |       ||     2
       Leather armour    |     4 |    18 |    48 |    33 ||   103
Dodge: Dodged            |    17 |    42 |   122 |    94 ||   275
